Map: Eastwatch LE

Players

CinDra

  • Race: Zerg Zerg
  • League: Gold
  • Spawn Location: 7:00

archangel - Winner!

  • Race: Terran Terran
  • League: Platinum
  • Spawn Location: 1:00

VOD

Have the link to the VOD?

Description

Time

  • Played on: March 11, 2018, 10:37 p.m.
  • Length: 11:34
Show
View Real Time Build Order
Export as new Build Order

CinDra Zerg 

Build Orders: Hatch First 

Get SALT Encoding   

  12  0:02  Drone  
  13  0:12  Overlord  
  13  0:17  Drone  
  14  0:30  Drone  
  14  0:31  Drone  
  14  0:35  Drone  
  17  0:56  Drone, Hatchery  
  17  1:01  Drone  
  18  1:05  Extractor  
  17  1:16  Spawning Pool  
  16  1:20  Drone  
  16  1:23  Drone  
  18  1:28  Drone  
  19  1:39  Overlord  
  19  1:50  Drone  
  20  2:04  Zergling x2  
  20  2:05  Queen  
  20  2:07  Metabolic Boost  
  23  2:11  Zergling x2  
  23  2:12  Queen  
  26  2:20  Drone  
  27  2:27  Drone  
  27  2:28  Drone  
  29  2:39  Zergling x2  
  29  2:40  Drone  
  29  2:41  Overlord  
  31  2:57  Queen  
  31  2:58  Queen  
  35  3:08  Drone  
  35  3:10  Drone  
  37  3:17  Hatchery  
  36  3:25  Zergling x12  
  40  3:29  Overlord  
  40  3:51  Lair  
  40  4:02  Extractor  
  40  4:03  Drone x6  
  40  4:04  Extractor  
  40  4:06  Extractor  
  43  4:22  Queen  
  43  4:23  Drone  
  43  4:24  Drone x5  
  51  4:26  Overlord  
  51  4:34  Drone  
  51  4:35  Drone  
  51  4:38  Queen  
  55  4:41  Overlord  
  55  4:46  Drone  
  55  4:47  Overlord  
  56  4:58  Drone x5  
  61  5:05  Pneumatized Carapace  
  61  5:17  Drone x6  
  67  5:28  Zergling x16  
  67  6:36  Drone  
  67  6:37  Drone x2  
  67  6:38  Zergling x2  
  67  6:39  Zergling x22  
  82  6:40  Lair  
  82  6:41  Overlord x2  
  82  6:42  Overlord x5  
  80  6:49  Spore Crawler  
  74  7:09  Spore Crawler  
  68  7:29  Queen  
  66  7:30  Queen  
  66  7:36  Spire  
  67  7:54  Zergling x26  
  67  7:55  Zergling x8  
  84  8:21  Evolution Chamber  
  84  8:22  Evolution Chamber  
  84  8:25  Drone x15  
  77  8:49  Zerg Melee Weapons Level 1  
  77  8:50  Zerg Ground Armor Level 1, Mutalisk, Zerg Flyer Weapons Level 1  
  77  8:51  Mutalisk x4  
  83  9:30  Spore Crawler  
  83  9:31  Mutalisk x6  
  93  9:41  Mutalisk x2  
  97  9:49  Overseer x2  
  97  10:01  Mutalisk x4  
  105  10:11  Mutalisk x3  
  111  10:16  Drone  
  111  10:17  Drone  
  111  10:18  Drone  
  96  10:55  Spore Crawler  
  93  10:58  Mutalisk x4  
  87  11:21  Drone  
Show
View Real Time Build Order
Export as new Build Order

archangel Terran - Winner!

Build Orders: Reaper Expand 

Get SALT Encoding   

  12  0:01  SCV  
  13  0:13  SCV  
  14  0:21  Supply Depot  
  14  0:25  SCV  
  15  0:30  Refinery  
  15  0:42  SCV  
  16  0:48  Barracks  
  16  0:54  SCV  
  17  1:07  SCV  
  18  1:19  SCV  
  19  1:35  Orbital Command  
  19  1:38  Reaper  
  20  1:54  Command Center  
  20  2:00  Factory  
  20  2:08  Supply Depot  
  20  2:10  Refinery  
  20  2:12  Barracks Reactor  
  20  2:29  SCV  
  21  2:41  SCV  
  22  2:46  Starport  
  22  2:55  SCV  
  23  3:00  Hellion x2  
  27  3:07  SCV  
  27  3:09  Orbital Command  
  27  3:28  Hellion  
  27  3:29  Hellion  
  27  3:33  SCV  
  32  3:34  Supply Depot  
  32  3:39  Viking  
  34  3:45  SCV  
  34  3:47  SCV  
  36  3:57  SCV  
  36  3:58  Fusion Core  
  36  3:59  SCV  
  38  4:04  Hellion  
  38  4:09  SCV  
  41  4:16  SCV  
  42  4:21  Supply Depot  
  42  4:23  SCV  
  43  4:28  SCV  
  43  4:29  Starport Reactor  
  44  4:32  Starport Tech Lab  
  44  4:34  Barracks Reactor  
  44  4:35  SCV  
  45  4:39  Liberator  
  45  4:40  SCV  
  45  4:42  Supply Depot  
  46  4:46  Armory  
  46  4:50  SCV  
  46  4:52  SCV  
  48  4:54  Advanced Ballistics  
  51  5:01  Refinery  
  51  5:02  Refinery  
  51  5:09  Command Center  
  42  5:52  Hellion  
  42  5:53  Hellion  
  42  6:04  SCV x2  
  42  6:08  Factory  
  44  6:14  Hellion x2  
  44  6:16  SCV x2  
  50  6:22  Factory  
  50  6:26  Terran Vehicle Weapons Level 1  
  50  6:28  SCV x2  
  50  6:30  Liberator x2  
  52  6:35  Hellion x2  
  56  6:40  SCV  
  56  6:41  SCV  
  64  6:58  SCV  
  64  6:59  SCV  
  64  7:01  Hellion x2  
  70  7:09  Armory  
  70  7:10  SCV  
  70  7:11  SCV  
  70  7:12  Supply Depot x2  
  70  7:15  Supply Depot  
  72  7:16  Engineering Bay  
  72  7:18  Supply Depot  
  72  7:35  SCV  
  72  7:36  SCV  
  72  7:58  SCV x2  
  72  8:04  Planetary Fortress  
  73  8:08  Refinery  
  73  8:10  SCV, Factory Tech Lab  
  73  8:12  Siege Tank, Refinery, Hellion  
  81  8:13  Hellion  
  81  8:15  Terran Vehicle And Ship Armor Level 1  
  81  8:16  Infernal Pre-Igniter  
  81  8:22  Starport x2  
  81  8:32  Command Center  
  77  8:49  Liberator x2  
  77  9:07  Viking  
  82  9:18  SCV x2  
  84  9:28  Missile Turret  
  84  9:29  SCV  
  84  9:30  Thor x2, SCV x2  
  103  9:31  Hellion x2  
  103  9:41  SCV  
  103  9:42  SCV x2  
  106  9:53  SCV  
  106  9:54  SCV  
  108  10:11  Hellion x2  
  108  10:12  SCV x2  
  108  10:13  Siege Tank  
  108  10:14  Hellion  
  119  10:18  Starport Tech Lab x2  
  119  10:26  Starport x2  
  117  10:30  Starport  
  117  10:34  Missile Turret  
  117  10:35  Missile Turret x2  
  109  10:52  Missile Turret  
  109  10:53  Missile Turret x3  
  109  10:55  Missile Turret  
  109  10:56  Missile Turret x2  
  109  11:00  Command Center  
Tags
 
Add a new tag
Caveats
  • Supply blocks, unpowered buildings, or Contaminate may cause inaccurate times.
  • Supply counts are checked every 10 seconds.